 Dungeon Sprint DCSS version 0.30-a0-972-gf3ab3527aa (webtiles) character file.

Game seed: 14187935417753352316

112 fozzywoppz the Shield-Bearer (level 4, -2/45 HPs)
             Began as a Minotaur Fighter on Mar 31, 2023.
             Slain by a fire elemental (5 damage)
             ... summoned by a deep elf pyromancer
             ... in the Dungeon (Sprint III: "The Ten Rune Challenge").
             The game lasted 00:02:02 (327 turns).

fozzywoppz the Shield-Bearer (Minotaur Fighter)      Turns: 327, Time: 00:02:03

Health: -2/45      AC:  7    Str: 20    XL:     4   Next: 64%
Magic:  3/3        EV:  9    Int:  5    God:
Gold:   26         SH:  5    Dex: 12    Spells: 3/3 levels left

rFire   + . .      SeeInvis .    a - +0 war axe
rCold   . . .      Faith    .    c - +0 buckler
rNeg    . . .      Spirit   .    b - +0 scale mail
rPois   .          Reflect  .    (helmet restricted)
rElec   .          Rampage  .    (no cloak)
rCorr   .          NoTele   +    (no gloves)
Will    .....                    (no boots) Stlth
                                 (no amulet)
HPRegen 0.27/turn                k - ring of protection from fire
MPRegen 0.08/turn                (no ring)

@: on fire, glowing
A: horns 2, retaliatory headbutt
a: no special abilities


You were in the Dungeon.
You visited 1 branch You collected 26 gold pieces.

Inventory:

Hand Weapons
 a - a +0 war axe (weapon)
Armour
 b - a +0 scale mail (worn)
 c - a +0 buckler (worn)
Jewellery
 k - a ring of protection from fire (left hand)
Scrolls
 j - a scroll of blinking
 m - 2 scrolls of poison
 n - a scroll of identify
Potions
 d - a potion of might
 e - 5 potions of curing
 g - a potion of haste
 h - 2 potions of magic
 i - a potion of berserk rage
 l - 2 potions of mutation
 o - 2 potions of flight


   Skills:
 + Level 6.6 Fighting
 + Level 6.0 Axes
 + Level 6.6 Armour
 + Level 6.6 Shields


You had 3 spell levels left.
You didn't know any spells.
Your spell library was empty.

Dungeon Overview and Level Annotations

Branches:
Dungeon (1/1)

Altars:
Elyvilon
Zin
The Shining One


Innate Abilities, Weirdness & Mutations

You have a pair of horns on your head.
You reflexively headbutt those who attack you in melee.


Message History

The fire elemental hits you. The fire elemental burns you! You resist.
* * * LOW HITPOINT WARNING * * *
You feel much better.
The deep elf pyromancer hits you with a +1 long sword of holy wrath.
The fire elemental hits you. The fire elemental burns you! You resist.
You closely miss the deep elf pyromancer.
Your headbutt misses the deep elf pyromancer.
The deep elf pyromancer is heavily wounded.
You barely miss the fire elemental. The fire elemental barely misses you.
The deep elf pyromancer barely misses you.
You furiously retaliate!
You headbutt the deep elf pyromancer! The fire elemental hits you.
The fire elemental burns you! You resist.
* * * LOW HITPOINT WARNING * * *
You hit the deep elf pyromancer.
The deep elf pyromancer is severely wounded.
You hit the fire elemental but do no damage.
The deep elf pyromancer hits you with a +1 long sword of holy wrath.
* * * LOW HITPOINT WARNING * * *
The fire elemental hits you.
* * * LOW HITPOINT WARNING * * *
The fire elemental burns you! You resist.
* * * LOW HITPOINT WARNING * * *
The deep elf pyromancer gestures at you while chanting.
The sticky flame hits you. You resist.
You are covered in liquid flames!
* * * LOW HITPOINT WARNING * * *
You are covered in liquid flames!
* * * LOW HITPOINT WARNING * * *
The fire elemental closely misses you. You furiously retaliate!
You headbutt the fire elemental!
The deep elf pyromancer mumbles some strange words.
The deep elf pyromancer blinks!
There is a white marble altar of Elyvilon here.
Okay, then.
You hit the fire elemental.
The fire elemental is heavily damaged.
You are covered in liquid flames!
* * * LOW HITPOINT WARNING * * *
The fire elemental hits you. The fire elemental burns you! You resist.
You die...

▓▓▓▓▓▓ ▓▓▓ .#...####
##.#####
.#......#####..#@__#
##....†..#..#..#§E.#
.##.##...#..#..###☼#+###+#
.##.###..##'#..#....e.....
####.##..###...'.⌠........
##..##.)####...#...######+
....##..###....#.⌠.#
#..##...##.....#...#
..##....#......#+###


You could see a deep elf pyromancer and a fire elemental (summoned).

Vanquished Creatures
  A water elemental (D)
  Jessica (D)
  A human (D)
  A phantom (D)
  2 endoplasms (D)
  A rat (D)
7 creatures vanquished.

Notes
Turn   | Place    | Note
-------+----------+-------------------------------------------
     0 | D        | fozzywoppz the Minotaur Fighter began the quest for the
                  | Orb.
     0 | D        | Reached XP level 1. HP: 19/19 MP: 0/0
    55 | D        | Noticed Jessica
    58 | D        | Killed Jessica
    59 | D        | Reached skill level 5 in Fighting
    59 | D        | Reached skill level 5 in Armour
    59 | D        | Reached skill level 5 in Shields
    59 | D        | Reached XP level 2. HP: 29/29 MP: 1/1
    59 | D        | Reached XP level 3. HP: 36/36 MP: 2/2
   200 | D        | Noticed a water elemental
   207 | D        | Killed a water elemental
   208 | D        | Reached XP level 4. HP: 17/45 MP: 3/3
   316 | D        | Found a glowing silver altar of Zin.
   316 | D        | Found a glowing golden altar of the Shining One.
   316 | D        | Found a white marble altar of Elyvilon.
   317 | D        | Noticed a deep elf pyromancer
   321 | D        | Noticed a fire elemental
   327 | D        | HP: 2/45 [burnt (1)]
   327 | D        | Slain by a fire elemental

Illustrated notes

Levels and vault maps discovered:
D:        dungeon_sprint_mu [sprint_mu_entry_cave, sprint_mu_temple_rooms,
          sprint_mu_d1_horrors, sprint_mu_d2_genie, sprint_mu_d3_branching,
          sprint_mu_orc_legion, sprint_mu_elf_gauntlet, sprint_mu_hive_nellie,
          sprint_mu_lair_fedhas, sprint_mu_vaults_butterflies,
          sprint_mu_slime_circle, sprint_mu_shoals_kraken,
          sprint_mu_snake_twists, sprint_mu_blade_basic,
          sprint_mu_crypt_fortress, sprint_mu_tomb_spiral,
          sprint_mu_vestibule_basic, sprint_mu_gehenna_hellfire,
          sprint_mu_dis_giant, sprint_mu_tartarus_statrot,
          sprint_mu_cocytus_islands, sprint_mu_zot1]

Skill      XL: |  1  2  3 |
---------------+----------+-----
Fighting       | 5 6 |  6.6
Armour         | 5 6 |  6.6
Shields        | 5 6 |  6.6
Axes           | 4 6 |  6.0

Action                     |  1- 3 |  4- 6 || total
---------------------------+-------+-------++-------
  Melee: War axe           |    28 |     7 ||    35
         Headbutt          |     5 |       ||     5
    Use: Scroll            |     2 |       ||     2
         Potion            |       |     1 ||     1
 Armour: Scale mail        |    12 |     4 ||    16
  Dodge: Dodged            |    15 |     5 ||    20
  Block: Buckler           |     7 |     1 ||     8

Table legend: (Time is in decaauts)
 A = Elapsed time spent in this place.
 B = Non-inter-level travel time spent in this place.
 C = Inter-level travel time spent in this place.
 D = Time resting spent in this place.
 E = Time spent auto-exploring this place.
 F = Levels seen in this place.
 G = Mean time per level.
                   A        B        C        D        E       F      G
               +--------+--------+--------+--------+--------+-----+--------+
         Total |    338 |    338 |      0 |    176 |      0 |   1 |  338.0 |
       Dungeon |    338 |    338 |      0 |    176 |      0 |   1 |  338.0 |
               +--------+--------+--------+--------+--------+-----+--------+

Top non-repeatable levels by time:
       D: 338 daAuts
